[Event "Asian Amateur Rapid Women 2024"]
[Site "Al Ain"]
[Date "2024.12.15"]
[Round "4.12"]
[White "Mikheeva, Vasilisa"]
[Black "Saeidpour, Mona"]
[Result "0-1"]
[ECO "D02"]
[WhiteElo "1436"]
[BlackElo "1905"]
[Annotator "RC"]
[PlyCount "128"]
[EventDate "2024.12.15"]
[EventType "swiss"]
[EventCountry "UAE"]
[SourceTitle "playchess.com"]
[Source "ChessBase"]
[SourceQuality "1"]
[TimeControl "900+10"]

1. d4 d5 2. Nf3 c6 3. Bf4 Nf6 4. e3 Bf5 5. c4 e6 6. Nc3 Nbd7 7. Be2 dxc4 8. Bxc4 Be7 9. O-O O-O 10. h3 c5 11. dxc5 Nxc5 12. Ne5 Qb6 13. b3 Rfd8 14. Qe2 Nce4 15. Nxe4 Nxe4 16. Nd3 Rac8 17. Rac1 Ba3 18. Rc2 Qa5 19. Rd1 b5 20. b4 Qb6 21. Bb3 Nc3 22. Qe1 Nxd1 23. Rxc8 Rxc8 24. Qxd1 Qd8 25. Bc2 Rc3 26. Qb1 Rxd3 27. Bxd3 Qxd3 28. Qxd3 Bxd3 29. Bd6 Bb1 30. Kf1 Bxa2 31. Ke2 Bd5 32. f3 Bb2 33. e4 Bc4+ 34. Kd2 Bd4 35. e5 Bf1 36. g3 Bxh3 37. Ke2 f6 38. exf6 gxf6 39. g4 f5 40. Kd3 Bb6 41. g5 Kg7 42. f4 Bg2 43. Be5+ Kg6 44. Bd6 Kh5 45. Be5 Kg4 46. Bd6 Kf3 47. Bc5 Kxf4 48. Kd4 Kxg5 49. Ke5 Bd5 50. Be7+ Kg4 51. Bc5 Bxc5 52. bxc5 f4 53. Kd6 f3 54. c6 Bxc6 55. Kxc6 f2 56. Kxb5 f1=Q+ 57. Kc6 a5 58. Kd6 a4 59. Kxe6 a3 60. Ke5 a2 61. Ke6 a1=Q 62. Kd6 Qfa6+ 63. Kd5 Qd1+ 64. Ke4 Qe6# 0-1

[Event "Asian Amateur Rapid Women 2024"]
[Site "Al Ain"]
[Date "2024.12.15"]
[Round "4.15"]
[White "Al Khoori, Noora Mahmood Abdull"]
[Black "Rani Puja"]
[Result "0-1"]
[ECO "C63"]
[WhiteElo "1513"]
[BlackElo "1478"]
[Annotator "NA RC"]
[PlyCount "68"]
[EventDate "2024.12.15"]
[EventType "swiss"]
[EventCountry "UAE"]
[SourceTitle "playchess.com"]
[Source "ChessBase"]
[SourceQuality "1"]
[TimeControl "900+10"]

1. e4 e5 2. Nf3 Nc6 3. Bb5 f5 4. d3 fxe4 5. dxe4 Nf6 6. Nc3 Bd6 7. Bg5 O-O 8. Nd5 Ne7 9. Nxf6+ gxf6 10. Bh6 Re8 11. Bc4+ Kh8 12. Bf7 Ng6 13. Bxe8 Qxe8 14. O-O Bc5 15. Qd5 d6 16. Nd2 Ne7 17. Qd3 Qg6 18. Be3 Bh3 19. g3 Bxf1 20. Rxf1 Bb6 21. Nf3 Qf7 22. b3 Rf8 23. Bh6 Rg8 24. Kh1 Qh5 25. Bd2 Nc6 26. c3 Nd8 27. Nh4 Ne6 28. Nf5 Nc5 29. Qd5 Qe2 30. Re1 Qxf2 31. Qf7 Qf3+ 32. Kg1 Nxe4+ 33. Be3 Bxe3+ 34. Rxe3 Qf2+ 0-1

[Event "Asian Amateur Rapid Women 2024"]
[Site "Al Ain"]
[Date "2024.12.15"]
[Round "4.16"]
[White "Lulwa Khalifa Alhammadi"]
[Black "Shamsa, Amer"]
[Result "1-0"]
[ECO "C54"]
[WhiteElo "1621"]
[BlackElo "1465"]
[Annotator "NA RC"]
[PlyCount "81"]
[EventDate "2024.12.15"]
[EventType "swiss"]
[EventCountry "UAE"]
[SourceTitle "playchess.com"]
[Source "ChessBase"]
[SourceQuality "1"]
[TimeControl "900+10"]

1. e4 e5 2. Nf3 Nc6 3. Bc4 Bc5 4. c3 Nf6 5. d3 O-O 6. b4 Bb6 7. a4 a5 8. b5 Ne7 9. Nxe5 d5 10. exd5 Nexd5 11. Qb3 Be6 12. O-O h6 13. Nd2 Re8 14. Ndf3 Qd6 15. d4 Rab8 16. Bd2 c5 17. Qa3 Qc7 18. Rac1 cxd4 19. cxd4 Qd8 20. h3 Bf5 21. Bd3 Bxd3 22. Qxd3 Nc7 23. Be3 Ne6 24. Rfd1 Qd5 25. Nc4 Bd8 26. Qc3 Be7 27. Nxa5 Ne4 28. Qc4 Qxc4 29. Nxc4 Rbc8 30. Nce5 Rcd8 31. Nd2 Nxd2 32. Rxd2 Bb4 33. Rd3 Nc5 34. dxc5 Rc8 35. Nf3 Ba5 36. b6 Bb4 37. Rb3 Re4 38. Nd4 Bxc5 39. Rbc3 Re5 40. Nb3 Rxe3 41. fxe3 1-0

[Event "Asian Amateur Rapid Women 2024"]
[Site "Al Ain"]
[Date "2024.12.15"]
[Round "5.1"]
[White "Wijesuriya, G P Y"]
[Black "Anoud Eisa Mohamed"]
[Result "0-1"]
[ECO "C67"]
[WhiteElo "1867"]
[BlackElo "1884"]
[Annotator "NA RC"]
[PlyCount "64"]
[EventDate "2024.12.15"]
[EventType "swiss"]
[EventCountry "UAE"]
[SourceTitle "playchess.com"]
[Source "ChessBase"]
[SourceQuality "1"]
[TimeControl "900+10"]

1. e4 e5 2. Nf3 Nc6 3. Bb5 Nf6 4. O-O Nxe4 5. d4 Nd6 6. Bxc6 dxc6 7. dxe5 Nf5 8. Qxd8+ Kxd8 9. c3 Ke8 10. Nbd2 Be7 11. Ne4 b6 12. Bg5 Bxg5 13. Nexg5 h6 14. Ne4 Be6 15. b3 c5 16. Rad1 Rd8 17. Rxd8+ Kxd8 18. Rd1+ Kc8 19. Kf1 Kb7 20. Ke2 a5 21. Nfd2 g5 22. Nf6 Nh4 23. g3 Ng6 24. Nf3 g4 25. Nh4 Nxe5 26. f4 gxf3+ 27. Nxf3 Nxf3 28. Kxf3 a4 29. c4 axb3 30. axb3 Ra8 31. Rd3 Ra1 32. h4 Rf1+ 0-1

[Event "Asian Amateur Rapid Women 2024"]
[Site "Al Ain"]
[Date "2024.12.15"]
[Round "5.2"]
[White "Ahoud Eisa Mohamed"]
[Black "Sabirova, Shakhnoza"]
[Result "1/2-1/2"]
[ECO "C41"]
[WhiteElo "1553"]
[BlackElo "1903"]
[Annotator "NA RC"]
[PlyCount "98"]
[EventDate "2024.12.15"]
[EventType "swiss"]
[EventCountry "UAE"]
[SourceTitle "playchess.com"]
[Source "ChessBase"]
[SourceQuality "1"]
[TimeControl "900+10"]

1. e4 e5 2. Nf3 d6 3. Bc4 Be7 4. c3 Nf6 5. Qe2 Nc6 6. d4 a6 7. Bb3 Bg4 8. dxe5 Nxe5 9. Nbd2 O-O 10. h3 Bh5 11. Qe3 Nfd7 12. Nxe5 dxe5 13. Nf3 Nc5 14. Bc2 Qd6 15. O-O Qf6 16. Nh2 Ne6 17. g3 Bc5 18. Qe1 Ng5 19. Kg2 Bf3+ 20. Nxf3 Qxf3+ 21. Kh2 Qh5 22. Bxg5 Qxg5 23. Rd1 Rad8 24. Qe2 h5 25. Kg2 h4 26. Qg4 Qxg4 27. hxg4 hxg3 28. Kxg3 Bd6 29. Rh1 g6 30. Rh6 Kg7 31. Rdh1 Kf6 32. Rd1 Bc5 33. Rhh1 Rd6 34. Rxd6+ Bxd6 35. Bb3 c6 36. Rh7 b5 37. g5+ Ke7 38. Kg4 Bc5 39. Kg3 a5 40. a4 b4 41. cxb4 Bxb4 42. Bc4 Bd2 43. Kg4 Bc1 44. b3 Bf4 45. f3 Ke8 46. Bd3 Kd7 47. Bc4 Ke7 48. Bd3 Rd8 49. Bc4 Rf8 1/2-1/2

[Event "Asian Amateur Rapid Women 2024"]
[Site "Al Ain"]
[Date "2024.12.15"]
[Round "5.3"]
[White "Sananda R"]
[Black "Smaraki, Mohanty"]
[Result "1/2-1/2"]
[ECO "B01"]
[WhiteElo "1696"]
[BlackElo "1745"]
[Annotator "NA RC"]
[PlyCount "116"]
[EventDate "2024.12.15"]
[EventType "swiss"]
[EventCountry "UAE"]
[SourceTitle "playchess.com"]
[Source "ChessBase"]
[SourceQuality "1"]
[TimeControl "900+10"]

1. e4 d5 2. exd5 Qxd5 3. Nf3 Bg4 4. Be2 Nf6 5. Nc3 Qa5 6. h3 Bh5 7. O-O e6 8. d3 Bd6 9. Ne4 Nxe4 10. dxe4 Nd7 11. Bd2 Qa4 12. Ng5 Bg6 13. b3 Qc6 14. a4 a6 15. Bd3 h6 16. Nf3 Bxe4 17. Bxe4 Qxe4 18. Re1 Qg6 19. c4 O-O 20. b4 Rfd8 21. Qe2 c5 22. b5 axb5 23. axb5 Rxa1 24. Rxa1 Nf6 25. Ba5 Ra8 26. Qd1 Ne4 27. Be1 Rd8 28. Qe2 Qf6 29. Rd1 Nc3 30. Bxc3 Qxc3 31. Kh1 Qf6 32. g3 Qe7 33. Kg2 Bc7 34. Rd3 b6 35. Rd1 Rxd1 36. Qxd1 Qd6 37. Qa4 g5 38. Qa8+ Kg7 39. Qe4 f5 40. Qe2 e5 41. Nd2 e4 42. Nf1 Qe5 43. Qd2 Qd4 44. Qc2 f4 45. Nd2 e3 46. Nf3 Qf6 47. fxe3 fxg3 48. Qd3 Qb2+ 49. Nd2 Qf6 50. Ne4 Qb2+ 51. Nd2 Qe5 52. Nf3 Qd6 53. Qc3+ Qf6 54. Qd3 Qd6 55. Qc3+ Kg8 56. Qc2 Qe6 57. Qd3 Kg7 58. Qc3+ Kg6 1/2-1/2

[Event "Asian Amateur Rapid Women 2024"]
[Site "Al Ain"]
[Date "2024.12.15"]
[Round "5.4"]
[White "Asudani Ruhani Raj"]
[Black "Antonova, Nadezhda"]
[Result "0-1"]
[ECO "D35"]
[WhiteElo "1613"]
[BlackElo "1989"]
[Annotator "NA RC"]
[PlyCount "126"]
[EventDate "2024.12.15"]
[EventType "swiss"]
[EventCountry "UAE"]
[SourceTitle "playchess.com"]
[Source "ChessBase"]
[SourceQuality "1"]
[TimeControl "900+10"]

1. d4 d5 2. c4 e6 3. cxd5 exd5 4. Nc3 h6 5. Nf3 Nf6 6. Bf4 Bd6 7. Bxd6 Qxd6 8. e3 O-O 9. Bd3 Re8 10. O-O c6 11. Rb1 Qe7 12. b4 Ne4 13. Qc2 a6 14. Na4 Nd7 15. Rfc1 Ndf6 16. Nb6 Rb8 17. Nxc8 Rbxc8 18. a4 Nd6 19. Qe2 b5 20. Ne5 Nc4 21. Bxc4 dxc4 22. Qa2 Nd7 23. Nf3 Ra8 24. Rd1 Nb6 25. axb5 axb5 26. Qd2 f6 27. Re1 Qe4 28. Qb2 Nd5 29. Nd2 Qe7 30. Nf3 Ra4 31. e4 Nxb4 32. Qd2 Nd3 33. Re3 Rea8 34. Ne1 Ra2 35. Nc2 b4 36. Rxd3 cxd3 37. Qxd3 c5 38. dxc5 Qxc5 39. Ne3 Kh8 40. h3 Qc3 41. Qd7 Ra1 42. Rxa1 Qxa1+ 43. Kh2 Qe5+ 44. g3 Qe8 45. Qb7 Rb8 46. Qc7 Rc8 47. Qb7 Qf8 48. Nf5 Re8 49. h4 g6 50. Nd4 Qe7 51. Qb6 Qe5 52. Qc6 Re7 53. Nf3 Qe6 54. Qc5 b3 55. Nd4 Qe5 56. Qc4 b2 57. Nc6 Qxe4 58. Qxe4 Rxe4 59. Kg2 b1=Q 60. Nd4 Rxd4 61. h5 Qe4+ 62. Kh2 Rd1 63. hxg6 Rh1# 0-1

[Event "Asian Amateur Rapid Women 2024"]
[Site "Al Ain"]
[Date "2024.12.15"]
[Round "5.5"]
[White "Mera Abdulaziz Aidarous"]
[Black "Ahlam Rashed"]
[Result "0-1"]
[ECO "C54"]
[WhiteElo "1584"]
[BlackElo "1987"]
[Annotator "NA RC"]
[PlyCount "76"]
[EventDate "2024.12.15"]
[EventType "swiss"]
[EventCountry "UAE"]
[SourceTitle "playchess.com"]
[Source "ChessBase"]
[SourceQuality "1"]
[TimeControl "900+10"]

1. e4 e5 2. Nf3 Nc6 3. Bc4 Bc5 4. c3 Nf6 5. d3 d6 6. O-O a5 7. a4 Ba7 8. Nbd2 O-O 9. h3 h6 10. Re1 Be6 11. b3 Ne7 12. Nf1 Bxc4 13. bxc4 Ng6 14. Ng3 Qd7 15. d4 Qc6 16. Qd3 Rad8 17. d5 Qd7 18. Be3 Bxe3 19. Qxe3 Kh7 20. c5 c6 21. c4 Rfe8 22. Red1 Qc7 23. cxd6 Qxd6 24. Nf5 Qb8 25. d6 Re6 26. c5 Nd7 27. Rab1 Qa7 28. Rdc1 Nf4 29. Kh2 Qa6 30. Ne1 Rg6 31. g3 Qf1 32. Nh4 Qxh3+ 33. Kg1 Qxh4 34. Ng2 Qh3 35. Nxf4 exf4 36. Qxf4 Rf6 37. Qe3 Ne5 38. Qe2 Nf3+ 0-1

[Event "Asian Amateur Rapid Women 2024"]
[Site "Al Ain"]
[Date "2024.12.15"]
[Round "5.6"]
[White "Joshi, Sindira"]
[Black "Olandag, Meghan Gabrielle"]
[Result "1-0"]
[ECO "C10"]
[WhiteElo "1735"]
[BlackElo "1479"]
[Annotator "NA RC"]
[PlyCount "59"]
[EventDate "2024.12.15"]
[EventType "swiss"]
[EventCountry "UAE"]
[SourceTitle "playchess.com"]
[Source "ChessBase"]
[SourceQuality "1"]
[TimeControl "900+10"]

1. e4 e6 2. d4 d5 3. Nc3 dxe4 4. Nxe4 Bd7 5. Nf3 Bc6 6. Bd3 Be7 7. O-O Nf6 8. Re1 b6 9. c3 O-O 10. Bf4 Bb7 11. Nxf6+ Bxf6 12. Be4 Bxe4 13. Rxe4 Qd5 14. Qe2 c5 15. dxc5 Qxc5 16. Rd1 Nc6 17. Bd6 Qf5 18. Bxf8 Kxf8 19. h3 Qa5 20. a3 Ne7 21. Ne5 Bxe5 22. Rxe5 Nd5 23. c4 Nf4 24. Qe3 Qa4 25. b3 Qxa3 26. Qxf4 Qxb3 27. Rde1 Rd8 28. Rxe6 f6 29. Re7 Qb4 30. Qc7 1-0

[Event "Asian Amateur Rapid Women 2024"]
[Site "Al Ain"]
[Date "2024.12.15"]
[Round "5.7"]
[White "Charomova, Evguenia"]
[Black "Marksim Karki Abirami, Sriiyukthaa"]
[Result "1-0"]
[ECO "B76"]
[WhiteElo "1870"]
[BlackElo "1466"]
[Annotator "NA RC"]
[PlyCount "103"]
[EventDate "2024.12.15"]
[EventType "swiss"]
[EventCountry "UAE"]
[SourceTitle "playchess.com"]
[Source "ChessBase"]
[SourceQuality "1"]
[TimeControl "900+10"]

1. e4 c5 2. Nf3 d6 3. d4 cxd4 4. Nxd4 Nf6 5. Nc3 g6 6. f3 Bg7 7. Be3 O-O 8. Qd2 Nc6 9. g4 Bd7 10. h4 Rc8 11. h5 a6 12. hxg6 fxg6 13. Bc4+ Kh8 14. Ne6 Bxe6 15. Bxe6 Ne5 16. Qe2 Rc7 17. Bb6 Qb8 18. Bxc7 Qxc7 19. f4 Nexg4 20. Bxg4 Nxg4 21. Qxg4 Bxc3+ 22. bxc3 Qxc3+ 23. Kf2 Qxc2+ 24. Kg3 Qxe4 25. Rae1 Qd3+ 26. Qf3 Qxf3+ 27. Kxf3 e5 28. Re4 g5 29. Rd1 Rf6 30. Rc1 Rf8 31. Rc7 b5 32. Ra7 gxf4 33. Rxa6 Rf6 34. Rxe5 dxe5 35. Rxf6 Kg7 36. Rb6 h5 37. Rxb5 Kf6 38. a4 h4 39. a5 h3 40. a6 h2 41. Rb1 Kf5 42. a7 e4+ 43. Kg2 f3+ 44. Kxh2 e3 45. a8=Q Kf4 46. Qf8+ Ke4 47. Rb4+ Kd3 48. Qxf3 Kd2 49. Rb3 e2 50. Rb2+ Kc1 51. Qc3+ Kd1 52. Qd2# 1-0

[Event "Asian Amateur Rapid Women 2024"]
[Site "Al Ain"]
[Date "2024.12.15"]
[Round "5.8"]
[White "Saeidpour, Mona"]
[Black "Lulwa Khalifa Alhammadi"]
[Result "1/2-1/2"]
[ECO "E54"]
[WhiteElo "1905"]
[BlackElo "1621"]
[Annotator "NA RC"]
[PlyCount "88"]
[EventDate "2024.12.15"]
[EventType "swiss"]
[EventCountry "UAE"]
[SourceTitle "playchess.com"]
[Source "ChessBase"]
[SourceQuality "1"]
[TimeControl "900+10"]

1. d4 d5 2. c4 e6 3. Nc3 c6 4. e4 Bb4 5. exd5 Bxc3+ 6. bxc3 cxd5 7. Nf3 Nf6 8. Bd3 dxc4 9. Bxc4 O-O 10. O-O Nbd7 11. Bb2 b6 12. Re1 Bb7 13. Qe2 Qc7 14. Bd3 Qf4 15. Nd2 e5 16. Nc4 exd4 17. cxd4 Rfe8 18. Ne5 Nxe5 19. dxe5 Qg5 20. Qf1 Nh5 21. Be4 Bxe4 22. Rxe4 Rac8 23. Rc4 Red8 24. Rac1 Rxc4 25. Qxc4 Nf4 26. g3 Nh3+ 27. Kg2 Qf5 28. Rc2 Ng5 29. Qe2 h6 30. Bc1 Rd4 31. Bxg5 Qxg5 32. Rc8+ Kh7 33. Qc2+ Qg6 34. Qxg6+ Kxg6 35. Rc7 Ra4 36. Rc2 Ra5 37. f4 Kf5 38. h3 a6 39. Rb2 b5 40. Kf3 Ra3+ 41. Kf2 Rd3 42. Rc2 f6 43. exf6 gxf6 44. Re2 Ra3 1/2-1/2

[Event "Asian Amateur Rapid Women 2024"]
[Site "Al Ain"]
[Date "2024.12.15"]
[Round "5.9"]
[White "Hotami, Mutriba"]
[Black "Latifah, Darmaki"]
[Result "0-1"]
[ECO "C84"]
[WhiteElo "1882"]
[BlackElo "1540"]
[Annotator "NA RC"]
[PlyCount "131"]
[EventDate "2024.12.15"]
[EventType "swiss"]
[EventCountry "UAE"]
[SourceTitle "playchess.com"]
[Source "ChessBase"]
[SourceQuality "1"]
[TimeControl "900+10"]

1. e4 e5 2. Nf3 Nc6 3. Bb5 a6 4. Ba4 Be7 5. c3 b5 6. Bb3 Nf6 7. d3 d6 8. O-O Na5 9. Bc2 c5 10. d4 Qc7 11. h3 cxd4 12. cxd4 Bd7 13. Nbd2 Rc8 14. Bd3 Nc6 15. d5 Nb4 16. Bb1 Nc2 17. Bxc2 Qxc2 18. Qe2 O-O 19. Ne1 Qa4 20. Kh2 b4 21. Rg1 Bb5 22. Qe3 Bd8 23. Qg3 b3 24. Qxb3 Qxb3 25. axb3 Bb6 26. Kg3 Be2 27. Nef3 Nh5+ 28. Kg4 Bxf2 29. Kxh5 Bxg1 30. Kg4 Bc5 31. Kg3 Rb8 32. Ne1 Be3 33. Nef3 Bf4+ 34. Kf2 Bxf3 35. gxf3 Bxd2 36. Bxd2 Rxb3 37. Bc3 Rb6 38. Ke3 f5 39. h4 fxe4 40. fxe4 Rf4 41. Rh1 Rb8 42. h5 Rbf8 43. Ra1 Rf3+ 44. Kd2 Rf2+ 45. Kd3 R8f3+ 46. Kc4 Rf4 47. Rxa6 Rxe4+ 48. Kb5 Kf7 49. Rxd6 Rf6 50. Rd7+ Ke8 51. Rxg7 Rf7 52. Rg8+ Kd7 53. Kc5 Re2 54. h6 e4 55. Rg7 Rxg7 56. hxg7 Rg2 57. Kd4 Rxg7 58. Kxe4 Rg4+ 59. Kf5 Rg2 60. b4 h5 61. b5 h4 62. b6 h3 63. Be5 h2 64. b7 h1=Q 65. b8=Q Qh3+ 66. Kf6 0-1

[Event "Asian Amateur Rapid Women 2024"]
[Site "Al Ain"]
[Date "2024.12.15"]
[Round "5.10"]
[White "Daneshpour, Aram"]
[Black "Prakash, Sadhana"]
[Result "0-1"]
[ECO "C44"]
[WhiteElo "1563"]
[BlackElo "1408"]
[Annotator "NA RC"]
[PlyCount "126"]
[EventDate "2024.12.15"]
[EventType "swiss"]
[EventCountry "UAE"]
[SourceTitle "playchess.com"]
[Source "ChessBase"]
[SourceQuality "1"]
[TimeControl "900+10"]

1. e4 e5 2. Nf3 Nc6 3. d4 exd4 4. Bc4 Bc5 5. Ng5 Nh6 6. Bxf7+ Nxf7 7. Nxf7 Kxf7 8. Qh5+ g6 9. Qxc5 d6 10. Qc4+ Be6 11. Qe2 Rf8 12. Bh6 Re8 13. O-O Kg8 14. Nd2 Qh4 15. Be3 dxe3 16. Qxe3 Ne5 17. h3 Rf8 18. f4 Nc4 19. Nxc4 Bxc4 20. Rf3 Qf6 21. c3 a5 22. f5 Kh8 23. fxg6 Qxg6 24. Rxf8+ Rxf8 25. Qd4+ Qf6 26. Qxc4 Qf2+ 27. Kh1 Qxb2 28. Rf1 Rxf1+ 29. Qxf1 Qxa2 30. Qf8+ Qg8 31. Qf6+ Qg7 32. Qd8+ Qg8 33. Qxc7 Qa8 34. Qxd6 a4 35. Qf6+ Kg8 36. Qg5+ Kh8 37. Qf6+ Kg8 38. Qe6+ Kh8 39. Qe5+ Kg8 40. Qd5+ Kh8 41. e5 a3 42. Qa2 Kg7 43. e6 Kf6 44. Kg1 Qa7+ 45. Kf1 Qa6+ 46. Ke1 Qxe6+ 47. Qxe6+ Kxe6 48. g4 a2 49. g5 a1=Q+ 50. Kd2 Qb2+ 51. Kd3 Qb5+ 52. Kd2 Qxg5+ 53. Kd3 Qf5+ 54. Kc4 Qxh3 55. Kb4 Qd3 56. c4 h5 57. c5 h4 58. c6 bxc6 59. Ka4 h3 60. Kb4 h2 61. Kc5 h1=Q 62. Kb6 Qhb1+ 63. Kc7 Qd7# 0-1

[Event "Asian Amateur Rapid Women 2024"]
[Site "Al Ain"]
[Date "2024.12.15"]
[Round "5.11"]
[White "Rani Puja"]
[Black "Bhandari, Pooja"]
[Result "0-1"]
[ECO "C01"]
[WhiteElo "1478"]
[BlackElo "1684"]
[Annotator "NA RC"]
[PlyCount "84"]
[EventDate "2024.12.15"]
[EventType "swiss"]
[EventCountry "UAE"]
[SourceTitle "playchess.com"]
[Source "ChessBase"]
[SourceQuality "1"]
[TimeControl "900+10"]

1. e4 e6 2. d4 d5 3. exd5 exd5 4. Nf3 Bg4 5. h3 Bh5 6. Be2 Bd6 7. c3 Nf6 8. Bg5 Nbd7 9. Nbd2 c6 10. O-O Qc7 11. Bxf6 Nxf6 12. Bd3 O-O 13. Re1 Rfe8 14. Qc2 c5 15. dxc5 Bxc5 16. Be2 Qb6 17. Nd4 Bxd4 18. cxd4 Rxe2 19. Rxe2 Bxe2 20. Nb3 Bc4 21. Nc5 Re8 22. b3 Bb5 23. Rc1 Re2 24. Qf5 g6 25. Qf3 Ne4 26. Nd7 Qa6 27. Rc8+ Kg7 28. Ne5 Qf6 29. Qg3 Qxf2+ 30. Qxf2 Rxf2 31. a4 Ba6 32. b4 Rf1+ 33. Kh2 Be2 34. Rc7 Nd6 35. Rd7 Nf5 36. Rxd5 Rd1 37. Rd7 Nxd4 38. Rxf7+ Kh6 39. Rxb7 Rb1 40. b5 Ra1 41. Rxa7 Bd1 42. Nc4 Rxa4 0-1

[Event "Asian Amateur Rapid Women 2024"]
[Site "Al Ain"]
[Date "2024.12.15"]
[Round "5.12"]
[White "Almaamari, Zainab Darwish"]
[Black "Mariam Khalifa AlQubaisi"]
[Result "1-0"]
[ECO "D05"]
[WhiteElo "1751"]
[BlackElo "1438"]
[Annotator "NA RC"]
[PlyCount "35"]
[EventDate "2024.12.15"]
[EventType "swiss"]
[EventCountry "UAE"]
[SourceTitle "playchess.com"]
[Source "ChessBase"]
[SourceQuality "1"]
[TimeControl "900+10"]

1. Nf3 d5 2. b3 Nf6 3. Bb2 e6 4. d4 Bd6 5. e3 Ne4 6. c4 c6 7. c5 Bc7 8. Bd3 O-O 9. O-O Nd7 10. Nbd2 f5 11. h3 a5 12. Nh2 Qh4 13. Ndf3 Qh6 14. Ne5 Bxe5 15. dxe5 Ndxc5 16. Ba3 Rf7 17. Bxc5 Nxc5 18. Be2 1-0

[Event "Asian Amateur Rapid Women 2024"]
[Site "Al Ain"]
[Date "2024.12.15"]
[Round "6.1"]
[White "Sabirova, Shakhnoza"]
[Black "Anoud Eisa Mohamed"]
[Result "1-0"]
[ECO "C47"]
[WhiteElo "1903"]
[BlackElo "1884"]
[Annotator "NA RC"]
[PlyCount "69"]
[EventDate "2024.12.15"]
[EventType "swiss"]
[EventCountry "UAE"]
[SourceTitle "playchess.com"]
[Source "ChessBase"]
[SourceQuality "1"]
[TimeControl "900+10"]

1. e4 e5 2. Nf3 Nc6 3. Nc3 Nf6 4. a3 d5 5. exd5 Nxd5 6. Bb5 Nxc3 7. bxc3 Bd6 8. d3 O-O 9. h3 Re8 10. O-O Bd7 11. Re1 h6 12. Bc4 Qf6 13. Nd2 Qg6 14. Qf3 a6 15. Ne4 Be6 16. Bxe6 Rxe6 17. Rb1 b6 18. Nxd6 Rxd6 19. Rxe5 Rad8 20. Re4 Rf6 21. Qe2 Rd7 22. Bf4 Kh7 23. Re1 Qf5 24. Bg3 Qc5 25. a4 Na5 26. Re8 Rg6 27. Qe4 Qxc3 28. Qa8 Rc6 29. Rh8+ Kg6 30. Qe8 Qd4 31. Re4 Qa1+ 32. Kh2 Rd5 33. Rg4+ Rg5 34. Qe4+ Kh5 35. Rh4# 1-0

[Event "Asian Amateur Rapid Women 2024"]
[Site "Al Ain"]
[Date "2024.12.15"]
[Round "6.2"]
[White "Antonova, Nadezhda"]
[Black "Joshi, Sindira"]
[Result "1-0"]
[ECO "E17"]
[WhiteElo "1989"]
[BlackElo "1735"]
[Annotator "NA RC"]
[PlyCount "75"]
[EventDate "2024.12.15"]
[EventType "swiss"]
[EventCountry "UAE"]
[SourceTitle "playchess.com"]
[Source "ChessBase"]
[SourceQuality "1"]
[TimeControl "900+10"]

1. Nf3 Nf6 2. b3 e6 3. Bb2 b6 4. g3 Bb7 5. Bg2 Be7 6. O-O O-O 7. c4 d6 8. d4 Nbd7 9. Nc3 Re8 10. Re1 Bf8 11. e4 e5 12. d5 Nc5 13. b4 Ncd7 14. Rc1 a5 15. a3 axb4 16. axb4 Ra7 17. Qb3 Qb8 18. Ra1 Rc8 19. Bh3 Ba8 20. g4 c5 21. Rxa7 Qxa7 22. Ra1 Qc7 23. g5 Nh5 24. Nb5 Qd8 25. Ra7 f5 26. Bxf5 Nf4 27. Bxd7 Rb8 28. Kf1 Rb7 29. Bf5 Rxa7 30. Nxa7 Be7 31. Nc6 Bxc6 32. dxc6 Bxg5 33. c7 Qxc7 34. Nxg5 Qe7 35. Bxh7+ Kh8 36. Qg3 Qf6 37. Bf5 Qh6 38. Nf7+ 1-0

[Event "Asian Amateur Rapid Women 2024"]
[Site "Al Ain"]
[Date "2024.12.15"]
[Round "6.3"]
[White "Ahlam Rashed"]
[Black "Sananda R"]
[Result "1/2-1/2"]
[ECO "D30"]
[WhiteElo "1987"]
[BlackElo "1696"]
[Annotator "NA RC"]
[PlyCount "89"]
[EventDate "2024.12.15"]
[EventType "swiss"]
[EventCountry "UAE"]
[SourceTitle "playchess.com"]
[Source "ChessBase"]
[SourceQuality "1"]
[TimeControl "900+10"]

1. Nf3 d5 2. c4 e6 3. g3 Nf6 4. Bg2 Be7 5. O-O O-O 6. b3 c5 7. cxd5 exd5 8. d4 Be6 9. Bb2 Nc6 10. h3 Rc8 11. e3 cxd4 12. Nxd4 Nxd4 13. Qxd4 Bc5 14. Qd2 Ne4 15. Qe2 Qe7 16. Rd1 Rfd8 17. Nd2 Nxd2 18. Rxd2 Bb4 19. Rc2 Rxc2 20. Qxc2 Qd7 21. Qd3 Bf8 22. Kh2 b6 23. Rd1 Qd6 24. Qd4 Qd7 25. h4 Qd6 26. Rc1 Qd7 27. h5 h6 28. Qe5 f6 29. Qc7 Bd6 30. Qc2 Qf7 31. Bf3 Qd7 32. Qd3 Bc5 33. Rd1 Be7 34. a3 Qe8 35. Rc1 Qd7 36. b4 Bf7 37. Bd1 Kf8 38. Qh7 Bg8 39. Qd3 Bf7 40. Qh7 Bg8 41. Qd3 Bf7 42. Bf3 Be6 43. Rd1 Kg8 44. Rc1 Kf8 45. Qh7 1/2-1/2

[Event "Asian Amateur Rapid Women 2024"]
[Site "Al Ain"]
[Date "2024.12.15"]
[Round "6.4"]
[White "Ahoud Eisa Mohamed"]
[Black "Wijesuriya, G P Y"]
[Result "0-1"]
[ECO "C54"]
[WhiteElo "1553"]
[BlackElo "1867"]
[Annotator "NA RC"]
[PlyCount "146"]
[EventDate "2024.12.15"]
[EventType "swiss"]
[EventCountry "UAE"]
[SourceTitle "playchess.com"]
[Source "ChessBase"]
[SourceQuality "1"]
[TimeControl "900+10"]

1. e4 e5 2. Nf3 Nc6 3. Bc4 Bc5 4. d3 h6 5. c3 Nf6 6. O-O O-O 7. h3 d6 8. Re1 a6 9. Bb3 Ba7 10. Nbd2 Ne7 11. d4 Ng6 12. Nf1 c5 13. dxe5 dxe5 14. Ng3 b5 15. c4 Bb7 16. Qe2 Nf4 17. Qf1 Re8 18. cxb5 axb5 19. Qxb5 Bb6 20. Nxe5 Nxh3+ 21. gxh3 Rxe5 22. Bf4 Re8 23. Rad1 Ba6 24. Qc6 Rc8 25. Rxd8 Rxc6 26. Rxe8+ Nxe8 27. Nf5 Rg6+ 28. Kh2 Kf8 29. Rg1 c4 30. Ba4 Bxf2 31. Rxg6 fxg6 32. Nd6 Nxd6 33. Bxd6+ Kf7 34. Kg2 Bd4 35. Ba3 Ke6 36. Kf3 Ke5 37. Bc6 Bc8 38. h4 Be6 39. Bf8 Kf6 40. Ba3 g5 41. hxg5+ Kxg5 42. Bd5 Bg4+ 43. Kg3 Be2 44. b3 cxb3 45. axb3 Be5+ 46. Kf2 Bb5 47. Be7+ Kf4 48. Bh4 Bd4+ 49. Kg2 Kg4 50. Bg3 h5 51. Be6+ Kg5 52. Kf3 Bd3 53. Bf5 Bc2 54. Be6 Bd1+ 55. Kg2 h4 56. Be1 Kf6 57. Bf5 g5 58. Kh3 Bxb3 59. Bd2 Bd1 60. Bg4 Bc2 61. Bf5 Bc5 62. Bc3+ Kf7 63. Bg4 Bd3 64. Bf5 Ke7 65. Kg4 Be2+ 66. Kh3 Kd6 67. Bg4 Bd3 68. Bf5 Be2 69. Bg4 Bd3 70. Bf5 Bf1+ 71. Kg4 Be2+ 72. Kh3 Bg4+ 73. Kg2 Be3 0-1

[Event "Asian Amateur Rapid Women 2024"]
[Site "Al Ain"]
[Date "2024.12.15"]
[Round "6.5"]
[White "Smaraki, Mohanty"]
[Black "Asudani Ruhani Raj"]
[Result "1/2-1/2"]
[ECO "D38"]
[WhiteElo "1745"]
[BlackElo "1613"]
[Annotator "NA RC"]
[PlyCount "100"]
[EventDate "2024.12.15"]
[EventType "swiss"]
[EventCountry "UAE"]
[SourceTitle "playchess.com"]
[Source "ChessBase"]
[SourceQuality "1"]
[TimeControl "900+10"]

1. c4 e6 2. d4 d5 3. Nf3 Nf6 4. Nc3 Nbd7 5. Bg5 Bb4 6. e3 c5 7. cxd5 exd5 8. dxc5 Qa5 9. Bxf6 Nxf6 10. Qd4 O-O 11. Bd3 Bxc5 12. Qa4 Qc7 13. O-O Bg4 14. Nxd5 Nxd5 15. Qxg4 Nf6 16. Qf5 Qb6 17. Rac1 Rac8 18. b4 Qxb4 19. Ng5 Rfd8 20. Nxh7 Qb6 21. Nxf6+ Qxf6 22. Qh7+ Kf8 23. Rc4 g6 24. Rf4 Qg7 25. Qxg6 Rc6 26. Qxg7+ Kxg7 27. Be4 Rb6 28. h4 Rd2 29. a4 Ra2 30. Bd5 Rd2 31. Bxf7 Rbb2 32. Be8 a6 33. h5 b5 34. axb5 axb5 35. Rg4+ Kh7 36. Re4 b4 37. Bg6+ Kg7 38. g4 b3 39. g5 Ra2 40. Rc4 Bxe3 41. Rc7+ Kg8 42. Bf7+ Kh8 43. Bxb3 Bxf2+ 44. Kh1 Rab2 45. Rc8+ Kh7 46. Rc7+ Kh8 47. Rc8+ Kh7 48. Bg8+ Kg7 49. h6+ Kg6 50. Rc6+ Kxg5 1/2-1/2